 Dungeon Crawl Stone Soup version 0.20.1-1-g8b1a95d (webtiles) character file.

369 papiloppo the Skirmisher (level 6, -1/56 HPs)
             Began as a Minotaur Berserker on Nov 21, 2017.
             Was a Believer of Trog.
             Slain by an iguana (11 damage)
             ... on level 4 of the Dungeon.
             The game lasted 00:11:01 (3892 turns).

papiloppo the Skirmisher (Minotaur Berserker)       Turns: 3892, Time: 00:11:02

Health: -1/56      AC:  4    Str: 23    XL:     6   Next: 41%
Magic:  5/5        EV: 13    Int:  4    God:    Trog [**....]
Gold:   199        SH:  0    Dex: 10    Spells: 5/5 levels left

rFire    . . .     SeeInvis .   a - +1 hand axe
rCold    . . .     Gourm    .   (no shield)
rNeg     . . .     Faith    .   b - +1 animal skin
rPois    .         Spirit   .   (helmet restricted)
rElec    .         Reflect  .   l - +0 cloak
rCorr    .         Harm     .   (no gloves)
MR       .....                  (no boots)
Stlth    +.........             (no amulet)
Regen    0.2/turn               k - ring of wizardry
MPRegen  0.1/turn               (no ring)

@: no status effects
A: retaliatory headbutt, horns 2
a: Berserk, Trog's Hand, Burn Spellbooks, Renounce Religion


You were on level 4 of the Dungeon.
You worshipped Trog.
Trog was pleased with you.
You were not hungry.

You visited 1 branch of the dungeon, and saw 4 of its levels.

You collected 199 gold pieces.

Inventory:

Hand Weapons
 a - a +1 hand axe (weapon)
 m - a +0 spear
Armour
 b - a +1 animal skin (worn)
 l - a +0 cloak (worn)
Jewellery
 c - an uncursed ring of loudness
 k - a ring of wizardry (left hand)
Scrolls
 g - 2 scrolls of remove curse
 h - a scroll of identify {unknown}
Potions
 d - 2 potions of brilliance {unknown}
 e - a potion of lignification {unknown}
 f - a potion of haste {unknown}
 j - a potion of berserk rage {unknown}
 n - a potion of curing {unknown}
Comestibles
 i - 4 fruits


   Skills:
 + Level 5.6 Fighting
 + Level 5.1 Axes
 + Level 4.7 Armour
 + Level 4.0 Dodging


You had 5 spell levels left.
You didn't know any spells.

Dungeon Overview and Level Annotations

Branches:
Dungeon (4/15)
 Temple: D:4-7

Altars:


Innate Abilities, Weirdness & Mutations

You reflexively headbutt those who attack you in melee.
You have a pair of horns on your head.


Message History

The iguana is severely wounded.
The iguana bites you!
You hit the iguana.
The iguana is severely wounded.
The iguana bites you.
You hit the iguana. You headbutt the iguana.
The iguana is almost dead.
The iguana bites you!
You are too injured to fight recklessly!
You are too injured to fight recklessly!
You are too injured to fight recklessly!
You are too injured to fight recklessly!
You barely miss the iguana.
The iguana is almost dead.
The iguana bites you!
* * * LOW HITPOINT WARNING * * *
Press: ? - help, v - describe, . - travel The floor, spattered with blood.
The iguana bites you!
You die...

...######...# #.....#....
.............# #.....#....
..............# #.....###..
...........รทรท..####.....##
............(.(......#
...........(.((......#
........((....(......# #
.###........))...........# #
.............@............# #
............l.............####
......#####...#...........#...
.............#...........#...
.....#...........#...............
.....#.........##..............).
.....#.........##....#######.....
.....#.........#.....# #.....
.....#.........#...#########.....


You could see an iguana.

Vanquished Creatures
  A sky beast (D:4)
  The ghost of dscm the Chucker, a weakling TrHu (D:4)
  Crazy Yiuf (D:2)
  A centaur skeleton (D:4)
  A worker ant (D:4)
  A hound skeleton (D:4)
  3 gnolls (D:3)
  An adder (D:2)
  2 oozes (D:2)
  2 worms (D:2)
  A dart slug (D:3)
  A leopard gecko (D:3)
  8 orcs
  9 bats
  A giant cockroach (D:3)
  7 goblins
  6 hobgoblins
  9 jackals
  4 kobolds
  3 quokkas
  3 frilled lizards
  3 rats
69 creatures vanquished.

Notes
Turn   | Place    | Note
-------+----------+-------------------------------------------
     0 | D:1      | papiloppo the Minotaur Berserker began the quest for the Orb.
     0 | D:1      | Reached XP level 1. HP: 19/19 MP: 0/0
   850 | D:1      | Reached XP level 2. HP: 22/27 MP: 1/1
  1566 | D:2      | Reached XP level 3. HP: 28/33 MP: 2/2
  1634 | D:2      | Found a runed door.
  1930 | D:2      | Noticed Crazy Yiuf
  1936 | D:2      | Killed Crazy Yiuf
  1936 | D:2      | Reached XP level 4. HP: 29/41 MP: 3/3
  2180 | D:3      | Reached ** piety under Trog
  2735 | D:3      | Reached XP level 5. HP: 25/47 MP: 4/4
  3139 | D:4      | Noticed a sky beast
  3148 | D:4      | Killed a sky beast
  3148 | D:4      | Reached skill level 5 in Fighting
  3609 | D:4      | Noticed dscm's ghost (weakling TrHu)
  3618 | D:4      | Killed dscm's ghost
  3618 | D:4      | Reached skill level 5 in Axes
  3618 | D:4      | Reached XP level 6. HP: 43/56 MP: 5/5
  3892 | D:4      | Slain by an iguana

Skill      XL: |  1  2  3  4  5  6 |
---------------+-------------------+-----
Fighting       | 4 5 |  5.6
Axes           | 4 5 |  5.1
Armour         | 3 4 |  4.7
Dodging        | 3 4 |  4.0

Action                   |  1- 3 |  4- 6 || total
-------------------------+-------+-------++-------
Melee: Hand axe          |    60 |   119 ||   179
       Headbutt          |    13 |    21 ||    34
  Use: Scroll            |     4 |     4 ||     8
  Eat: Bread ration      |     1 |       ||     1
       Chunk             |       |     2 ||     2
       Meat ration       |       |     1 ||     1
Armor: Animal skin       |    16 |    23 ||    39
Dodge: Dodged            |    35 |    99 ||   134
